 Dungeon Crawl Stone Soup version 0.31-a0-175-g9f7f995f2b (webtiles) character file.

Game seed: 15442257734106080629

984 qw the Chopper (level 8, -3/49 HPs)
             Began as a Gargoyle Fighter on June 16, 2023.
             Was a Follower of Okawaru.
             Slain by a wight
             ... wielding a +2 trident
              (6 damage)
             ... on level 6 of the Dungeon.
             The game lasted 00:02:25 (5746 turns).

qw the Chopper (Gargoyle Fighter)                   Turns: 5746, Time: 00:02:26

Health: -3/49      AC: 23    Str: 22    XL:     8   Next: 17%
Magic:  9/11       EV:  8    Int:  9    God:    Okawaru [*.....]
Gold:   342        SH:  5    Dex:  9    Spells: 7/7 levels left

rFire   + . .        Y - +0 war axe
rCold   . . .        c - +0 buckler
rNeg    + . .        h - +0 plate armour
rPois   inf          (no helmet)
rElec   +            (no cloak)
rCorr   .            (no gloves)
SInv    .            (no boots)
Will    .....        j - amulet of faith Stlth
                     b - ring of protection from fire
HPRegen 0.28/turn    k - +4 ring of protection
MPRegen 0.12/turn

%: faith
@: about to teleport, heroic
A: sickness immunity, AC +5, negative energy resistance 1, electricity
resistance, torment resistance 1, petrification resistance
a: Renounce Religion, Heroism


You were on level 6 of the Dungeon.
You worshipped Okawaru.
Okawaru was aware of your devotion.
You visited 1 branch of the dungeon, and saw 6 of its levels.

You collected 342 gold pieces.


Innate Abilities, Weirdness & Mutations

You are immune to sickness and miasma.
Your stone body is resilient. (AC +5)
You are immune to poison.
You resist negative energy. (rN+)
You are resistant to electric shocks. (rElec)
You are resistant to unholy torment.
You are immune to petrification.


   Skills:
 - Level 5.1(10.1) Fighting
 - Level 7.0(12.0) Axes
 - Level 3.2(8.2) Armour
 + Level 0.4(5.4) Dodging
 - Level 3.2(8.2) Shields
 - Level 4.0 Invocations


You had 7 spell levels left.
You didn't know any spells.
Your spell library was empty.

Inventory:

Hand Weapons
 m - a +0 flail
 Y - a +0 war axe (weapon)
Missiles
 l - 3 boomerangs
Armour
 c - a +0 buckler (worn)
 h - a +0 plate armour (worn)
Jewellery
 b - a ring of protection from fire (left hand)
 j - an amulet of faith (around neck)
 k - a +4 ring of protection (right hand)
 r - a ring of fire
Scrolls
 a - 5 scrolls of identify
 q - a scroll of teleportation
Potions
 d - 2 potions of might
 e - a potion of haste
 f - 2 potions of heal wounds
 g - a potion of resistance
 i - a potion of curing
 o - a potion of lignification

Dungeon Overview and Level Annotations

Branches:
Dungeon (6/15)
 Temple: D:4-7

Altars:
Cheibriados
Elyvilon
Okawaru

Annotations:
D:4 Edmund
D:5 1 runed translucent door, Crazy Yiuf


Message History

The shadow imp hits you but does no damage.
You block the wight's attack. x2
The wight hits you from afar with a +2 trident! x2
The wight hits you but does no damage.
The wight hits you with a +3 long sword of freezing.
The wight freezes you.
The shadow imp hits you but does no damage.
The wight hits you but does no damage.
5743 ||| INVOKING Heroism.
You gain the combat prowess of a mighty hero.
The wight hits you but does no damage. The shadow imp gestures at you.
You struggle to resist.
The wight hits you with a +3 long sword of freezing.
The wight freezes you.
The wight hits you from afar with a +2 trident.
You block the wight's attack.
You hit the wight.
The wight is lightly damaged.
You closely miss the shadow imp. You hit the wight.
The wight completely misses you.
The shadow imp hits you but does no damage.
The wight hits you with a +0 flail.
The wight hits you but does no damage. x2
You slash the wight!
The wight is heavily damaged.
You completely miss the shadow imp. You hit the wight but do no damage.
The wight hits you from afar with a +0 spear.
The shadow imp lashes its tail.
The shadow imp gestures at you. Pain shoots through your body!
The wight hits you but does no damage.
The wight hits you from afar with a +2 trident.
The wight hits you with a +0 flail.
5746 ||| READING 2 scrolls of teleportation.
As you read the scroll of teleportation, it crumbles to dust.
You feel strangely unstable. You block the wight's attack.
The shadow imp hits you but does no damage.
You block the wight's attack.
The wight hits you from afar with a +2 trident.
You die...

~........)..#
~....>......#
~...........#
~...........#
............#
.........<..##
.............#
.............#
#.....5@z....#
#.....z......#
##../..zz....+
#.............
##.............
#.............
##...........
#...........


You could see 4 wights and a shadow imp.

Vanquished Creatures
  Sigmund (D:2)
  Duvessa (D:5)
  A phantom (D:5)
  2 scorpions (D:4)
  Dowan (D:5)
  2 orc priests (D:5)
  2 jellies
  4 iguanas
  3 orc wizards
  Terence (D:3)
  8 adders
  A white imp (D:6)
  A worm (D:2)
  2 dart slugs (D:3)
  11 orcs
  7 endoplasms
  5 goblins
  10 hobgoblins
  5 jackals (D:1)
  10 kobolds
  2 quokkas
  7 ball pythons
  3 bats
  5 frilled lizards
  5 rats
100 creatures vanquished.

Notes
Turn   | Place    | Note
-------+----------+-------------------------------------------
     0 | D:1      | qw the Gargoyle Fighter began the quest for the Orb.
     0 | D:1      | Reached XP level 1. HP: 14/14 MP: 1/1
     0 | D:1      | 0 ||| qw: Version: 0.2-a-29-g511e9b1
     0 | D:1      | 0 ||| qw: Game counter: 5929
     0 | D:1      | 0 ||| qw: Always use a shield: true
     0 | D:1      | 0 ||| qw: God list: Okawaru
     0 | D:1      | 0 ||| qw: Allow faded altars: false
     0 | D:1      | 0 ||| qw: Do Orc after D:15 true
     0 | D:1      | 0 ||| qw: Do second Lair branch before Depths: true
     0 | D:1      | 0 ||| qw: Lair rune preference: random
     0 | D:1      | 0 ||| qw: Plans: Normal, Zot:1-4, Slime:5, God:TSO, Crypt,
                  | Tomb, Abyss, Pan, Hells, Win
     0 | D:1      | 0 ||| PLANNING D:1-11
    61 | D:1      | Reached skill level 2 in Axes
    99 | D:1      | Found a faded altar of an unknown god.
   130 | D:1      | Reached XP level 2. HP: 14/19 MP: 2/2
   248 | D:1      | 248 ||| DROPPING +0 club.
   679 | D:1      | Reached skill level 3 in Axes
   767 | D:1      | 767 ||| Stepping ~*~*~tactically~*~*~ (hiding).
   896 | D:1      | 896 ||| UPGRADING to +0 chain mail.
   906 | D:1      | 906 ||| DROPPING +0 scale mail.
   907 | D:1      | 907 ||| DROPPING amulet of magic regeneration.
   908 | D:1      | 908 ||| DRINKING 2 fuming clear potions.
   909 | D:1      | 909 ||| DROPPING potion of degeneration.
   965 | D:1      | Reached XP level 3. HP: 22/23 MP: 3/3
  1085 | D:1      | 1085 ||| UPGRADING to ring of protection from fire.
  1304 | D:2      | Found an iron altar of Okawaru.
  1305 | D:2      | 1305 ||| PLANNING OKAWARU WORSHIP
  1306 | D:2      | 1306 ||| Stepping ~*~*~tactically~*~*~ (stealth).
  1307 | D:2      | 1307 ||| Stepping ~*~*~tactically~*~*~ (stealth).
  1325 | D:2      | Reached XP level 4. HP: 22/28 MP: 4/4
  1352 | D:2      | Became a worshipper of Warmaster Okawaru
  1353 | D:2      | 1353 ||| PLANNING D:1-11
  1451 | D:2      | Noticed Sigmund
  1461 | D:2      | 1461 ||| FLEEEEING.
  1462 | D:2      | 1462 ||| FLEEEEING.
  1463 | D:2      | 1463 ||| FLEEEEING.
  1464 | D:2      | 1464 ||| FLEEEEING.
  1465 | D:2      | 1465 ||| FLEEEEING.
  1466 | D:2      | 1466 ||| FLEEEEING.
  1467 | D:2      | 1467 ||| FLEEEEING.
  1468 | D:2      | 1468 ||| FLEEEEING.
  1478 | D:2      | Killed Sigmund
  1478 | D:2      | Reached * piety under Okawaru
  1479 | D:2      | Reached skill level 5 in Axes
  1479 | D:2      | Reached XP level 5. HP: 32/32 MP: 5/5
  1479 | D:2      | Reached XP level 6. HP: 37/37 MP: 6/6
  1487 | D:2      | 1487 ||| DROPPING +0 whip.
  1720 | D:2      | 1720 ||| Stepping ~*~*~tactically~*~*~ (stealth).
  1727 | D:2      | 1727 ||| Stepping ~*~*~tactically~*~*~ (stealth).
  1729 | D:2      | 1729 ||| Stepping ~*~*~tactically~*~*~ (stealth).
  1730 | D:2      | 1730 ||| Stepping ~*~*~tactically~*~*~ (stealth).
  1919 | D:2      | 1919 ||| READING scroll labelled HUUSHA UCZEXT.
  1924 | D:2      | 1924 ||| READING scroll labelled SUCOZ LITZOIL.
  2053 | D:3      | 2053 ||| Stepping ~*~*~tactically~*~*~ (hiding).
  2097 | D:3      | 2097 ||| Stepping ~*~*~tactically~*~*~ (stealth).
  2100 | D:3      | 2100 ||| Stepping ~*~*~tactically~*~*~ (stealth).
  2145 | D:3      | 2145 ||| Stepping ~*~*~tactically~*~*~ (stealth).
  2150 | D:3      | Reached skill level 1 in Invocations
  2392 | D:3      | 2392 ||| Stepping ~*~*~tactically~*~*~ (stealth).
  2427 | D:3      | Noticed Terence
  2428 | D:3      | 2428 ||| INVOKING Heroism.
  2438 | D:3      | Killed Terence
  2482 | D:3      | 2482 ||| Stepping ~*~*~tactically~*~*~ (hiding).
  2485 | D:3      | 2485 ||| Stepping ~*~*~tactically~*~*~ (hiding).
  2493 | D:3      | 2493 ||| Stepping ~*~*~tactically~*~*~ (stealth).
  2577 | D:3      | 2577 ||| Stepping ~*~*~tactically~*~*~ (stealth).
  2819 | D:3      | 2819 ||| READING scroll labelled RYUKIAQ XUA.
  2820 | D:3      | 2820 ||| READING scroll labelled PICE TASUNG.
  2821 | D:3      | 2821 ||| READING scroll labelled ACWUITAGIR.
  2822 | D:3      | 2822 ||| DRINKING 2 silvery potions.
  3751 | D:4      | Found a snail-covered altar of Cheibriados.
  3967 | D:4      | Reached skill level 6 in Axes
  3967 | D:4      | Reached XP level 7. HP: 34/43 MP: 8/8
  4064 | D:4      | 4064 ||| INVOKING Heroism.
  4261 | D:4      | 4261 ||| UPGRADING to +0 plate armour.
  4271 | D:4      | 4271 ||| DROPPING +0 chain mail.
  4272 | D:4      | 4272 ||| READING scroll labelled NONUUMI AGGOE.
  4273 | D:4      | 4273 ||| READING scroll labelled DIUSAHO HOWA.
  4274 | D:4      | 4274 ||| DRINKING 2 black potions.
  4275 | D:4      | 4275 ||| DRINKING 2 inky potions.
  4380 | D:4      | 4380 ||| READING 6 scrolls of identify.
  4380 | D:4      | 4380 ||| IDENTIFYING pink potion
  4381 | D:4      | 4381 ||| READING 5 scrolls of identify.
  4381 | D:4      | 4381 ||| IDENTIFYING bubbling silvery potion
  4382 | D:4      | 4382 ||| READING 4 scrolls of identify.
  4382 | D:4      | 4382 ||| IDENTIFYING murky silvery potion
  4383 | D:4      | 4383 ||| DROPPING potion of berserk rage.
  4384 | D:4      | 4384 ||| DROPPING potion of ambrosia.
  4402 | D:5      | Entered Level 5 of the Dungeon
  4403 | D:5      | 4403 ||| INVOKING Heroism.
  4403 | D:5      | Noticed Edmund
  4406 | D:5      | Noticed Duvessa
  4419 | D:5      | 4419 ||| STAIRDANCE
  4423 | D:4      | HP: 3/43 [Edmund/+1 heavy dire flail (9)]
  4424 | D:4      | 4424 ||| READING 2 scrolls of teleportation.
  4425 | D:4      | 4425 ||| DRINKING potion of heal wounds.
  4553 | D:5      | Found a runed translucent door.
  4554 | D:5      | Noticed Crazy Yiuf
  4724 | D:5      | Reached skill level 3 in Invocations
  4769 | D:5      | You fall into a shaft and drop 1 floor!
  4817 | D:6      | 4817 ||| INVOKING Heroism.
  4900 | D:6      | 4900 ||| INVOKING Heroism.
  5011 | D:6      | 5011 ||| DROPPING +3 mace.
  5012 | D:6      | 5012 ||| UPGRADING to amulet of faith.
  5017 | D:6      | 5017 ||| UPGRADING to +4 ring of protection.
  5046 | D:5      | Found a white marble altar of Elyvilon.
  5047 | D:5      | 5047 ||| Stepping ~*~*~tactically~*~*~ (hiding).
  5048 | D:5      | 5048 ||| Stepping ~*~*~tactically~*~*~ (hiding).
  5052 | D:5      | 5052 ||| INVOKING Heroism.
  5059 | D:5      | Reached skill level 7 in Axes
  5077 | D:5      | 5077 ||| DRINKING 2 potions of curing.
  5077 | D:5      | 5077 ||| (to cure confusion)
  5082 | D:5      | Reached XP level 8. HP: 48/48 MP: 10/10
  5147 | D:5      | Noticed Dowan
  5149 | D:5      | 5149 ||| Stepping ~*~*~tactically~*~*~ (stealth).
  5154 | D:5      | 5154 ||| Stepping ~*~*~tactically~*~*~ (hiding).
  5156 | D:5      | 5156 ||| Stepping ~*~*~tactically~*~*~ (hiding).
  5159 | D:5      | 5159 ||| INVOKING Heroism.
  5169 | D:5      | Killed Dowan
  5175 | D:5      | 5175 ||| Stepping ~*~*~tactically~*~*~ (stealth).
  5188 | D:5      | 5188 ||| INVOKING Heroism.
  5191 | D:5      | Killed Duvessa
  5667 | D:5      | 5667 ||| READING scroll labelled FOOMUEJEYN.
  5743 | D:6      | 5743 ||| INVOKING Heroism.
  5745 | D:6      | HP: 12/49 [shadow imp/nerve-wracking pain (2)]
  5745 | D:6      | HP: 3/49 [wight/+0 flail (4)]
  5746 | D:6      | 5746 ||| READING 2 scrolls of teleportation.
  5746 | D:6      | Slain by a wight

Levels and vault maps discovered:
D:1:      dpeg_arrival_rooms_b, layout_loops_ring,
          shapermc_ecumenical_altar_mp_highgroup, serial_co_window_serial,
          co_window_paths_a, co_window_corner_a, co_window_paths_a,
          co_window_paths_a, co_window_corner_a, co_window_paths_b,
          co_window_paths_b, co_window_corner_cb, co_window_unsneaky_path_c,
          co_window_corner_b, co_window_corner_cb, co_window_unsneaky_path_c,
          glass_columns_a, glass_columns_a, glass_columns_b, glass_columns_c,
          glass_columns_c
D:2:      layout_basic, basic_altar, uniq_sigmund
D:3:      layout_loops_corners, uniq_terence
D:4:      layout_layer_cave, general_overflow_altar, minmay_misc_feat_doors,
          minmay_quantized
D:5:      layout_loops_ring, nicolae_elyvilon_peaceful_grove,
          roderic_nine_men_s_morris, uniq_duvessa, uniq_edmund,
          uniq_crazy_yiuf_cottage
D:6:      layout_cave_pods, mainiacjoe_overflow_swirl, kennysheep_mini_moat,
          temple_pool_b, bh_walls_and_bars, uniq_eustachio

Skill      XL: |  1  2  3  4  5  6  7  8 |
---------------+-------------------------+-----
Axes           | 2 3 5 6 7 |  7.0
Invocations    | 2 3 4 |  4.0
Fighting       | 4 5 |  5.1
Armour         | |  3.2
Dodging        | |  0.4
Shields        | |  3.2

Action                     |  1- 3 |  4- 6 |  7- 9 || total
---------------------------+-------+-------+-------++-------
  Melee: War axe           |    97 |   141 |   130 ||   368
 Invoke: Heroism           |       |     1 |     8 ||     9
    Use: Potion            |     1 |     1 |     4 ||     6
         Scroll            |       |     5 |     8 ||    13
 Armour: Scale mail        |    29 |       |       ||    29
         Chain mail        |    21 |    68 |       ||    89
         Plate armour      |       |       |    71 ||    71
  Dodge: Dodged            |    33 |    40 |    37 ||   110
  Block: Buckler           |    28 |    13 |    30 ||    71

Table legend:
 A = Non-vault XP
 B = Vault XP
 C = Vault XP percentage of total XP
 D = Non-vault monster count
 E = Vault monster count
 F = Vault count percentage of total count
                 A         B        C        D         E       F
            +---------+---------+-------+---------+---------+-------
      Total |     895 |     511 |  36.3 |      92 |       8 |   8.0
            +---------+---------+-------+---------+---------+-------
        D:1 |      35 |       0 |   0.0 |      22 |       0 |   0.0
        D:2 |      87 |     231 |  72.6 |      17 |       1 |   5.6
        D:3 |      62 |      32 |  34.0 |      21 |       1 |   4.5
        D:4 |     248 |      46 |  15.6 |      10 |       4 |  28.6
        D:5 |     286 |     202 |  41.4 |      11 |       2 |  15.4
        D:6 |     177 |       0 |   0.0 |      11 |       0 |   0.0
            +---------+---------+-------+---------+---------+-------
